 Dungeon Crawl Stone Soup version 0.17.1-3-g152610e (webtiles) character file.

248958 Goblin1989 the Severer (level 18, -3/149 HPs)
             Began as a Demonspawn Gladiator on Feb 29, 2016.
             Was a High Priest of Okawaru.
             Slain by a wizard
             ... wielding a +0 dagger
              (4 damage)
             ... on level 1 of the Vaults on Mar 2, 2016.
             The game lasted 03:29:22 (51785 turns).

Goblin1989 the Severer (Demonspawn Gladiator)      Turns: 51785, Time: 03:29:22

Health: -3/149     AC: 29    Str: 23    XL:     18   Next: 86%
Magic:  24/24      EV: 26    Int:  9    God:    Okawaru [*****.]
Gold:   979        SH:  4    Dex: 23    Spells: 2 memorised, 6 levels left

rFire  + + .     SeeInvis +     f - +1 executioner's axe (freeze)
rCold  + . .     Clarity  +     w - +4 chain mail of the Flute {rElec rF+ rC+}
rNeg   + + .     SustAt   .     (shield currently unavailable)
rPois  +         Gourm    +     (helmet restricted)
rElec  +         Spirit   .     N - +1 cloak {+Inv}
rCorr  .         Warding  .     G - +1 pair of gloves {rF+}
rMut   .         Stasis   .     (boots unavailable)
MR     +....                    U - amulet of the gourmand
Stlth  +.........               n - ring of positive energy
                                m - ring of poison resistance

@: mighty, agile, heroism, somewhat resistant to hostile enchantments, very
unstealthy
A: hooves 3, horns 1, large bone plates 3, see invisible, agile 1, berserk 1,
clarity, demonic guardian 2, mutation resistance 2, negative energy resistance
1, powered by pain 2, shaggy fur 1, weak 2
a: Heroism, Finesse, Renounce Religion, Evoke Invisibility
}: 2/15 runes: decaying, serpentine


You were on level 1 of the Vaults.
You worshipped Okawaru.
Okawaru was extremely pleased with you.
You were not hungry.

You visited 7 branches of the dungeon, and saw 36 of its levels.
You visited the Abyss 1 time.
You also visited: Volcano.

You collected 3814 gold pieces.
You spent 2835 gold pieces at shops.

Inventory:

Hand Weapons
 a - a +2 battleaxe of flaming
 b - a +5 arbalest of flaming
 f - a +1 executioner's axe of freezing (weapon)
 A - the +4 battleaxe "Ymetwiczo" {pain, MR+}
   (You bought it in a shop on level 4 of the Orcish Mines)

   In the hands of one skilled in necromantic magic, it inflicts extra damage on
   living creatures.
   It affects your resistance to hostile enchantments.
Missiles
 c - 12 steel bolts
 d - 33 poisoned bolts
 v - 14 arrows of flame
 x - 18 silver bolts
 K - 39 bolts of penetration
 W - 337 bolts
 X - 81 bolts of flame
Armour
 w - the +4 chain mail of the Flute (worn) {rElec rF+ rC+}
   (Okawaru gifted it to you on level 1 of the Orcish Mines)

   It protects you from fire.
   It protects you from cold.
   It insulates you from electricity.
 G - a +1 pair of gloves of fire resistance (worn)
 N - a +1 cloak of invisibility (worn)
Jewellery
 h - an uncursed ring of positive energy
 m - a ring of poison resistance (left hand)
 n - a ring of positive energy (right hand)
 o - an uncursed ring of sustain attributes
 U - an amulet of the gourmand (around neck)
Wands
 j - a wand of disintegration (4)
 L - a wand of digging (5)
Scrolls
 g - 6 scrolls of immolation
 l - 13 scrolls of remove curse
 q - 6 scrolls of enchant weapon
 t - 7 scrolls of blinking
 y - 5 scrolls of enchant armour
 B - 4 scrolls of fear
 C - 7 scrolls of recharging
 I - 7 scrolls of amnesia
 J - 3 scrolls of magic mapping
 M - 2 scrolls of teleportation
 O - 4 scrolls of fog
 P - a scroll of brand weapon
 R - 2 scrolls of summoning
 S - 3 scrolls of torment
Potions
 e - a potion of magic
 i - 2 potions of lignification
 k - 12 potions of curing
 r - a potion of agility
 z - 3 potions of berserk rage
 F - 2 potions of heal wounds
 H - 4 potions of might
 Q - 7 potions of flight
 V - 3 potions of cancellation
 Y - a potion of resistance
 Z - a potion of haste
Books
 p - a book of Alchemy

   Spells                             Type                      Level
   a - Sublimation of Blood           Necromancy                   2
   b - Ignite Poison                  Fire/Transmutation/Poison    3
   c - Alistair's Intoxication        Transmutation/Poison         4
   d - Condensation Shield            Ice                          4
   e - Petrify                        Transmutation/Earth          4
   f - Irradiate                      Conjuration/Transmutation    5
Comestibles
 s - 5 meat rations
 D - 28 fruits
 E - 22 bread rations
 T - a slice of pizza


   Skills:
 - Level 15.0(20.0) Fighting
 * Level 19.7(24.7) Axes
 - Level 8.1(13.1) Crossbows
 - Level 1.7(6.7) Throwing
 - Level 12.7(17.7) Armour
 + Level 10.1(15.1) Dodging
 + Level 6.0 Necromancy
 + Level 5.4 Ice Magic
 - Level 9.3 Invocations


You had 6 spell levels left.
You knew the following spells:

 Your Spells              Type           Power        Failure   Level  Hunger
a - Aura of Abjuration    Summ           #.........   100%        5    ######.
b - Simulacrum            Ice/Necr       ##........   100%        6    #######


Dungeon Overview and Level Annotations

Branches:
Dungeon (15/15)            Temple (1/1) D:5            Lair (7/8) D:10
  Swamp (4/4) Lair:4        Snake (4/4) Lair:6        Slime (0/6) Lair:6
    Orc (4/4) D:12            Elf (0/3) Orc:4        Vaults (1/5) D:13
 Depths (0/5) D:15

Altars:
Ashenzari
Cheibriados
Dithmenos
Elyvilon
Fedhas
Gozag
Kikubaaqudgha
Makhleb
Nemelex Xobeh
Okawaru
Qazlal
Ru
Sif Muna
Trog
Vehumet
Xom
Yredelemnul
Zin
The Shining One

Shops:
D:5 (   D:6 (   D:7 :   D:8 *   D:10 [   D:11 [   D:12 *   D:14 [   D:15 [
Orc:2 ([(*?   Orc:3 [   Orc:4 *([%

Annotations:
D:14 exclusion: obsidian statue
D:15 exclusion: Roxanne, Roxanne
Lair:7 exclusion: oklob plant


Innate Abilities, Weirdness & Mutations

You have hooves in place of feet.
You are completely covered in large bone plates (AC +4, SH +4).
A demonic guardian rushes to your aid.
You resist negative energy.
You sometimes gain power by taking damage.
You have a pair of small horns on your head.
You have supernaturally acute eyesight.
You are agile. (Dex +2)
You tend to lose your temper in combat.
You possess an exceptional clarity of mind.
You are somewhat resistant to both further mutation and mutation removal.
You are covered in fur (AC +1).
You are very weak. (Str -4)


Message History

You dice the ogre mage like an onion!!! You freeze the ogre mage.
You headbutt the ogre mage, but do no damage.
The ogre mage is almost dead.
The wizard points at you and mumbles some strange words.
The crystal spear hits you!
* * * LOW HITPOINT WARNING * * *
You focus on the pain.
You feel very mighty all of a sudden.
The ogre mage gestures wildly while chanting.
The ogre mage seems to speed up.
You hear a shout!
You completely miss the ogre mage. You headbutt the ogre mage!
You kill the ogre mage!
Okawaru accepts your kill.
The yaktaur shoots a bolt.
The bolt hits you!!
* * * LOW HITPOINT WARNING * * *
You slice the wizard!! You freeze the wizard! Your kick misses the wizard.
The wizard is almost dead.
The wizard hits you with a dagger.
You die...

......................#
......................#
......#############...#
......#...##.##...#...#
##....#...##.##...#...#
.#....#...........+...#
.#....###......c###...#
.#....###......(###...#
.#....#........)@4#...#
.#....###......p###...#
.#....###.......###...#
.#....#...........#...#
##....#...##.##...#...#
......#...##.##...#...#
......#############...#
......................#
......................#


You could see a yaktaur, a wizard and a friendly sixfirhy.

Vanquished Creatures
  Nikola (Swamp:2)
  A lich (Vaults:1)
  Asterion (Snake:3)
  A tentacled starspawn (Abyss:2)
  Frances (Swamp:2)
  The ghost of Kokonut the Bludgeoner, an adept MiBe of Trog (Snake:1)
  6 greater nagas
  2 thorn hunters (Swamp:2)
  Maud (Lair:7)
  2 deep elf sorcerers (Vaults:1)
  A vault warden (Vaults:1)
  Aizul (Snake:2)
  5 ironheart preservers (Vaults:1)
  A war gargoyle (Vaults:1)
  Azrael (D:14)
  A dire elephant (D:15)
  Erolcha (Orc:1)
  A vault guard (Vaults:1)
  2 ghost crabs (Swamp:2)
  Fannar (D:10)
  A catoblepas (Lair:5)
  13 naga warriors
  3 ice dragons (Swamp:4)
  11 hydras
  Erica (Orc:1)
  5 anacondas
  11 alligators
  5 centaur warriors
  5 ogre magi
  10 shock serpents
  A tengu warrior (D:14)
  16 naga sharpshooters
  2 hell hogs (Abyss:2)
  An orc high priest (Orc:4)
  Sonja (D:15)
  2 skeletal warriors (D:13)
  A salamander mystic (Snake:2)
  8 deep trolls
  A spriggan druid (Swamp:2)
  3 ironbrand convokers (Vaults:1)
  4 swamp dragons
  A wizard (D:13)
  11 hill giants
  3 shambling mangroves
  2 orc sorcerers
  11 naga ritualists
  A necromancer (D:13)
  A phantasmal warrior (Abyss:2)
  2 orc knights
  A wolf spider (Vaults:1)
  10 mana vipers
  A wolf spider zombie (D:15)
  15 salamanders
  A griffon (Lair:4)
  A hornet (Swamp:3)
  2 manticores (D:15)
  10 ugly things
  An oklob plant (Swamp:2)
  12 elephants
  12 naga magi
  5 cyclopes
  A storm dragon simulacrum (D:15)
  2 centaur zombies
  2 guardian serpents
  33 black mambas
  A molten gargoyle (Volcano)
  A smoke demon (Abyss:2)
  6 gargoyles
  A torpor snail (Lair:6)
  3 vault sentinels (Vaults:1)
  4 yaktaurs (Vaults:1)
  An efreet (D:15)
  A fire drake (Lair:5)
  18 spiny frogs
  2 kobold demonologists
  5 komodo dragons
  A tengu conjurer (D:13)
  3 hellwings (Abyss:2)
  13 trolls
  7 freezing wraiths
  Grinder (D:3)
  Prince Ribbit (D:7)
  5 giant leeches
  2 blink frogs (Lair:7)
  31 slime creatures
  6 bog bodies
  2 boulder beetles (Vaults:1)
  9 two-headed ogres
  A trapdoor spider (D:13)
  6 shadows
  35 yaks
  3 wraiths
  3 water elementals
  6 deep elf magi
  21 vampire mosquitoes
  A chaos spawn (Abyss:2)
  A steam dragon (Lair:5)
  3 fire elementals
  4 spriggans
  5 hogs
  7 wolves
  A hungry ghost (D:9)
  4 basilisks
  2 neqoxecs (Abyss:2)
  A mottled dragon (D:12)
  A wyvern (D:12)
  3 swamp worm simulacra (Swamp:4)
  25 swamp worms
  7 hippogriffs
  A hell hound (D:13)
  12 insubstantial wisps
  A deep elf fighter (Vaults:1)
  2 small abominations
  15 water moccasins
  2 wargs
  53 nagas
  14 porcupines
  3 swamp drakes
  3 ice beasts
  25 orc warriors
  An eye of draining (D:15)
  13 hydra simulacra (Swamp:4)
  7 necrophages
  A sky beast (D:12)
  11 wasps
  17 centaurs
  28 ogres
  The ghost of kraktruk the Magician, an amateur DsCj (D:5)
  8 crocodiles
  21 giant frogs
  2 brain worms (D:14)
  4 big kobolds
  2 earth elementals (Volcano)
  A wyvern zombie (D:6)
  2 wyvern skeletons
  A water moccasin skeleton (D:8)
  A scorpion (D:8)
  3 electric eels
  An oklob sapling (Swamp:2)
  8 crimson imps
  A killer bee (D:12)
  22 orc priests
  2 wasp zombies
  A giant frog zombie (D:6)
  9 hounds
  5 jellies
  2 centaur skeletons
  3 gnoll shamans (D:7)
  5 giant frog skeletons
  9 iguanas
  3 hell rats (Lair:5)
  43 orc wizards
  15 worker ants
  17 sheep
  A hound zombie (D:6)
  3 hound skeletons
  A worker ant zombie (D:11)
  9 gnolls (D:7)
  38 river rats
  12 adders
  6 shadow imps
  An ooze (D:6)
  5 swamp drake simulacra (Swamp:4)
  A worm (D:2)
  8 giant geckos
  189 orcs
  A ball python (D:1)
  9 goblins
  12 hobgoblins
  13 jackals
  4 bats
  12 giant cockroaches
  A giant cockroach zombie (D:5)
  4 giant newts
  8 kobolds
  4 quokkas
  A quokka skeleton (D:4)
  A quokka zombie (D:5)
  18 rats
  17 briar patches (Swamp:2)
  8 fungi
  5 plants
  A spectral weapon (Snake:3)
1336 creatures vanquished.

Vanquished Creatures (collateral kills)
  Kirke (Lair:6)
  2 greater nagas
  5 thorn hunters
  Wiglaf (Snake:3)
  An azure jelly (Swamp:4)
  Louise (Swamp:2)
  A vault warden (Vaults:1)
  A deep elf annihilator (Vaults:1)
  A great orb of eyes (Vaults:1)
  2 naga warriors
  2 hydras
  2 anacondas (Snake:3)
  An ogre mage (D:15)
  A hell hog (Abyss:2)
  A centaur warrior (Vaults:1)
  A tengu warrior (D:14)
  The ghost of Goblin1989 the Grappler, a novice VSMo of Elyvilon (Lair:1)
  A deep troll (Vaults:1)
  2 skeletal warriors (D:13)
  A naga ritualist (Snake:3)
  An orc knight (Vaults:1)
  A wolf spider (D:15)
  An ugly thing (Swamp:4)
  11 elephants
  A naga mage (Snake:4)
  A yaktaur (Vaults:1)
  A kobold demonologist (D:13)
  5 black mambas
  4 blink frogs (Lair:7)
  2 two-headed ogres
  A slime creature (Swamp:3)
  9 yaks
  A spriggan (Swamp:1)
  A basilisk (Lair:7)
  2 wolves (Lair:1)
  2 swamp worms
  A warg (Orc:4)
  A hell hound (D:13)
  7 nagas
  2 water moccasins
  An orc warrior (Orc:1)
  A porcupine (Lair:7)
  7 ogres
  2 wasps
  4 centaurs
  A crocodile (Lair:7)
  A giant frog (D:11)
  A scorpion (D:6)
  An orc priest (Orc:1)
  2 orc wizards
  A sheep (Lair:7)
  2 gnolls (D:7)
  An adder (D:6)
  7 orcs
  A goblin (D:3)
  A kobold (D:13)
  3 briar patches (Swamp:2)
  2 fungi
123 creatures vanquished.

Vanquished Creatures (others)
  A salamander stormcaller (D:15)
  An ettin (Vaults:1)
  A naga warrior (Snake:4)
  A centaur warrior (D:15)
  A shadow wraith (Vaults:1)
  A black mamba (Snake:2)
  A yaktaur (Vaults:1)
  2 centaurs
  A human (D:9)
  A wyvern simulacrum (D:14)
  An orc wizard (D:4)
  An orc (Orc:1)
  A briar patch (Swamp:2)
  11 fungi
  11 plants
  2 starspawn tentacles (Abyss:2)
  A starspawn tentacle segment (Abyss:2)
39 creatures vanquished.

Grand Total: 1498 creatures vanquished

Notes
Turn   | Place    | Note
--------------------------------------------------------------
     0 | D:1      | Goblin1989 the Demonspawn Gladiator began the quest for the Orb.
     0 | D:1      | Reached XP level 1. HP: 16/16 MP: 1/1
   527 | D:1      | Reached skill level 3 in Axes
   681 | D:1      | Gained mutation: You are partially covered in large bone plates (AC +2, SH +2). [demonic ancestry]
   681 | D:1      | Reached XP level 2. HP: 17/22 MP: 2/2
  1637 | D:2      | Reached XP level 3. HP: 22/27 MP: 3/3
  1865 | D:2      | Reached skill level 4 in Axes
  2786 | D:3      | Reached XP level 4. HP: 33/33 MP: 4/4
  2835 | D:3      | Found a sacrificial altar of Ru.
  2875 | D:3      | Noticed Grinder
  3066 | D:4      | Reached skill level 5 in Axes
  3379 | D:4      | Reached XP level 5. HP: 38/38 MP: 5/5
  3704 | D:4      | Noticed an ogre
  3717 | D:4      | Killed an ogre
  3717 | D:4      | Reached skill level 6 in Axes
  3717 | D:4      | Gained mutation: A weak demonic guardian rushes to your aid. [demonic ancestry]
  3717 | D:4      | Reached XP level 6. HP: 44/44 MP: 6/6
  3842 | D:5      | Entered Level 5 of the Dungeon
  3852 | D:5      | Noticed a water moccasin
  3881 | D:5      | Killed a water moccasin
  3884 | D:5      | Noticed kraktruk's ghost (amateur DsCj)
  3899 | D:5      | Reached skill level 7 in Axes
  3917 | D:5      | Killed kraktruk's ghost
  3917 | D:5      | Reached XP level 7. HP: 30/50 MP: 7/7
  4068 | D:5      | Got a pair of slimy boots
  4079 | D:5      | Identified the +1 pair of boots of True Grit {rC+ Slay+5} (You found it on level 5 of the Dungeon)
  4156 | D:5      | Found Qisekh's Weapon Emporium.
  4280 | D:5      | Found a staircase to the Ecumenical Temple.
  4289 | Temple   | Entered the Ecumenical Temple
  4333 | Temple   | Became a worshipper of Warmaster Okawaru
  4718 | D:5      | Found a glowing golden altar of the Shining One.
  4790 | D:6      | Reached skill level 8 in Axes
  5114 | D:6      | Reached * piety under Okawaru
  5125 | D:6      | Reached skill level 9 in Axes
  5125 | D:6      | Gained mutation: You are mostly covered in large bone plates (AC +3, SH +3). [demonic ancestry]
  5125 | D:6      | Reached XP level 8. HP: 33/56 MP: 8/8
  5263 | D:6      | Found Coafiopp's Antique Weapon Shop.
  5290 | D:6      | Bought an arbalest for 112 gold pieces
  6014 | D:7      | Noticed Prince Ribbit
  6034 | D:7      | Killed Prince Ribbit
  6034 | D:7      | Reached skill level 10 in Axes
  6187 | D:7      | Reached ** piety under Okawaru
  6654 | D:7      | Reached skill level 11 in Axes
  6687 | D:7      | Gained mutation: You sometimes gain a little power by taking damage. [demonic ancestry]
  6687 | D:7      | Reached XP level 9. HP: 61/61 MP: 9/9
  6749 | D:7      | Found Epnam Saiho's Book Emporium.
  6871 | D:6      | Bought a battleaxe for 162 gold pieces
  7204 | D:3      | Paralysed by Grinder for 5 turns
  7215 | D:3      | Killed Grinder
  7998 | D:7      | Reached skill level 5 in Fighting
  8001 | D:7      | Reached *** piety under Okawaru
  9004 | D:8      | Gained mutation: You have large cloven feet. [demonic ancestry]
  9004 | D:8      | Reached XP level 10. HP: 57/79 MP: 10/10
  9302 | D:8      | Got a transparent chain mail
  9313 | D:8      | Identified the +4 chain mail "Utuckos" {MP+9} (You found it on level 8 of the Dungeon)
  9326 | D:8      | Learned a level 5 spell: Aura of Abjuration
  9352 | D:8      | Found a radiant altar of Vehumet.
  9352 | D:8      | Found a sparkling altar of Nemelex Xobeh.
  9466 | D:8      | Found a deep blue altar of Sif Muna.
  9545 | D:8      | Found a snail-covered altar of Cheibriados.
  9558 | D:8      | Found a sacrificial altar of Ru.
  9608 | D:8      | Found Qideeves's General Store.
  9616 | D:8      | Bought a scroll of magic mapping for 45 gold pieces
 10005 | D:9      | Found a blossoming altar of Fedhas.
 10235 | D:9      | Reached **** piety under Okawaru
 10235 | D:9      | Reached skill level 12 in Axes
 10303 | D:9      | Found an ancient bone altar of Kikubaaqudgha.
 10680 | D:10     | Entered Level 10 of the Dungeon
 10758 | D:9      | Gained mutation: You have a pair of small horns on your head. [potion of beneficial mutation]
 10817 | D:10     | Found a shattered altar of Ashenzari.
 10835 | D:10     | Noticed Fannar
 10865 | D:10     | You fall through a shaft!
 10930 | D:11     | Noticed a green ugly thing
 10934 | D:11     | Killed a green ugly thing
 10939 | D:11     | Gained mutation: You are weak. (Str -2) [mutagenic meat]
 10940 | D:11     | Gained mutation: You are very weak. (Str -4) [mutagenic meat]
 10948 | D:11     | Received a gift from Okawaru
 11199 | D:10     | Reached skill level 10 in Fighting
 11223 | D:10     | Reached ***** piety under Okawaru
 11227 | D:10     | Gained mutation: You have hoof-like feet. [demonic ancestry]
 11227 | D:10     | Reached XP level 11. HP: 27/92 MP: 11/11
 11528 | D:10     | Found a staircase to the Lair.
 11682 | D:10     | Killed Fannar
 11709 | D:10     | Found Oploc's Antique Armour Emporium.
 11737 | D:10     | Noticed a hill giant
 11746 | D:10     | Killed a hill giant
 11746 | D:10     | Received a gift from Okawaru
 12045 | D:11     | Found Icerud's Armour Boutique.
 12226 | D:11     | Noticed a green ugly thing
 12247 | D:11     | Killed a green ugly thing
 12963 | D:12     | Found a staircase to the Orcish Mines.
 13111 | D:12     | Found Yhiov's Assorted Antiques.
 13128 | D:12     | Bought a ruby-encrusted chain mail for 285 gold pieces
 13128 | D:12     | Bought a scroll labeled ZOILIS OCLO for 30 gold pieces
 13138 | D:12     | Identified the +6 chain mail "Efaddoi" {rPois Regen+} (You bought it in a shop on level 12 of the Dungeon)
 13192 | D:12     | Noticed a hill giant
 13199 | D:12     | Killed a hill giant
 13199 | D:12     | Reached skill level 13 in Axes
 13808 | D:13     | Noticed Azrael
 13835 | D:13     | Noticed a centaur warrior
 13842 | D:13     | Killed a centaur warrior
 13864 | D:13     | Noticed a hill giant
 13870 | D:13     | Killed a hill giant
 14001 | D:13     | Noticed a five-headed hydra
 14016 | D:13     | Killed a one-headed hydra
 14016 | D:13     | Reached skill level 1 in Armour
 14263 | Lair:1   | Entered Level 1 of the Lair of Beasts
 14313 | Lair:1   | Found a dark tunnel.
 14324 | Volcano  | Entered a volcano
 14358 | Volcano  | Gained mutation: A demonic guardian rushes to your aid. [demonic ancestry]
 14358 | Volcano  | Reached XP level 12. HP: 71/103 MP: 14/14
 14587 | Lair:1   | Noticed a seven-headed hydra
 14618 | Lair:1   | Killed a five-headed hydra
 14659 | Lair:1   | Reached skill level 5 in Invocations
 15249 | Lair:1   | Noticed Goblin1989's ghost (novice VSMo)
 15254 | Lair:1   | Killed Goblin1989's ghost
 15299 | Lair:1   | Noticed a four-headed hydra
 15307 | Lair:1   | Killed a one-headed hydra
 15547 | Lair:2   | Reached skill level 1 in Crossbows
 16468 | Lair:3   | Reached skill level 14 in Axes
 16473 | Lair:3   | Received a gift from Okawaru
 16683 | Lair:3   | Reached skill level 5 in Armour
 16691 | Lair:3   | Received a gift from Okawaru
 16818 | Lair:4   | Found a staircase to the Swamp.
 17089 | Lair:4   | Gained mutation: You are completely covered in large bone plates (AC +4, SH +4). [demonic ancestry]
 17089 | Lair:4   | Reached XP level 13. HP: 98/109 MP: 19/19
 18057 | Lair:5   | Reached skill level 5 in Crossbows
 18664 | Lair:6   | Found a staircase to the Snake Pit.
 18972 | D:12     | Bought a runed battleaxe for 195 gold pieces
 18977 | D:12     | Bought a scroll of identify for 60 gold pieces
 18977 | D:12     | Bought a scroll labeled VUVAGU HIAXT for 30 gold pieces
 18977 | D:12     | Bought a cyan potion for 27 gold pieces
 18977 | D:12     | Bought 3 scrolls labeled DYEZXAMYME for 90 gold pieces
 19774 | Lair:6   | Noticed Kirke
 19870 | Lair:6   | Found a staircase to the Slime Pits.
 20291 | Lair:6   | Killed Kirke
 20297 | Lair:6   | Gained mutation: You tend to lose your temper in combat. [potion of mutation]
 20297 | Lair:6   | Lost mutation: You are very weak. (Str -4) [potion of mutation]
 20297 | Lair:6   | Gained mutation: You are agile. (Dex +2) [potion of mutation]
 20368 | Lair:7   | Received a gift from Okawaru
 20417 | Lair:7   | Reached ****** piety under Okawaru
 20455 | Lair:7   | Received a gift from Okawaru
 21090 | Lair:7   | Noticed Maud
 21106 | Lair:7   | Killed Maud
 21106 | Lair:7   | Received a gift from Okawaru
 21106 | Lair:7   | Gained mutation: You sometimes gain power by taking damage. [demonic ancestry]
 21106 | Lair:7   | Reached XP level 14. HP: 111/116 MP: 18/20
 21930 | D:13     | Noticed a skeletal warrior
 21931 | D:13     | Noticed a skeletal warrior
 21932 | D:13     | Noticed a skeletal warrior
 21933 | D:13     | Noticed a skeletal warrior
 21952 | D:13     | Killed a skeletal warrior
 21957 | D:13     | Killed a skeletal warrior
 21957 | D:13     | Received a gift from Okawaru
 21960 | D:13     | Killed a skeletal warrior
 21965 | D:13     | Killed a skeletal warrior
 22152 | D:13     | Noticed a wizard
 22156 | D:13     | Killed a wizard
 22164 | D:13     | Noticed a necromancer
 22174 | D:13     | Killed a necromancer
 22174 | D:13     | Reached skill level 15 in Axes
 22189 | D:13     | Found a gate to the Vaults.
 22560 | D:14     | Killed Azrael
 22689 | D:14     | Received a gift from Okawaru
 22792 | D:14     | Received a gift from Okawaru
 22800 | D:14     | Reached skill level 5 in Dodging
 22811 | D:14     | Gained mutation: Your mind is acute. (Int +2) [mutagenic meat]
 22812 | D:14     | Gained mutation: Your magical capacity is low (-10% MP). [mutagenic meat]
 22813 | D:14     | Gained mutation: You are very weak. (Str -4) [mutagenic meat]
 22814 | D:14     | Gained mutation: You are covered in fur (AC +1). [mutagenic meat]
 22815 | D:14     | Gained mutation: You are somewhat resistant to further mutation. [mutagenic meat]
 22816 | D:14     | Gained mutation: You possess an exceptional clarity of mind. [mutagenic meat]
 22817 | D:14     | Lost mutation: Your magical capacity is low (-10% MP). [mutagenic meat]
 22819 | D:14     | Gained mutation: You are somewhat resistant to both further mutation and mutation removal. [mutagenic meat]
 22996 | D:14     | Found Toosuser's Armour Boutique.
 23178 | D:14     | Received a gift from Okawaru
 23274 | D:15     | Entered Level 15 of the Dungeon
 23308 | D:15     | Noticed Sonja
 23323 | D:15     | Killed Sonja
 23347 | D:15     | Found Hayrouja's Antique Armour Boutique.
 23532 | D:15     | Noticed Roxanne
 23577 | D:15     | Received a gift from Okawaru
 23732 | D:15     | Found a staircase to the Depths.
 23783 | D:15     | Got a transparent large shield
 23790 | D:15     | Identified the +8 large shield "Hoqotu Visell" {*Corrode rElec rF+ Str+4} (You took it off an orc warrior on level 15 of the Dungeon)
 23903 | D:15     | Noticed a hill giant
 23911 | D:15     | Killed a hill giant
 24243 | Orc:1    | Entered Level 1 of the Orcish Mines
 24292 | Orc:1    | Received a gift from Okawaru
 24321 | Orc:1    | Got a translucent chain mail {god gift}
 24339 | Orc:1    | Identified the +4 chain mail of the Flute {rElec rF+ rC+} (Okawaru gifted it to you on level 1 of the Orcish Mines)
 24356 | Orc:1    | Noticed Erica
 24378 | Orc:1    | Killed Erica
 24398 | Orc:1    | Noticed Erolcha
 24412 | Orc:1    | Killed Erolcha
 24412 | Orc:1    | Reached XP level 15. HP: 88/122 MP: 15/21
 24789 | Orc:2    | Found Fihus's Magic Scroll Shop.
 24902 | Orc:2    | Bought a scroll of teleportation for 36 gold pieces
 24902 | Orc:2    | Bought a scroll of fog for 24 gold pieces
 24902 | Orc:2    | Bought a scroll of brand weapon for 240 gold pieces
 24902 | Orc:2    | Bought a scroll of vulnerability for 90 gold pieces
 24902 | Orc:2    | Bought a scroll of holy word for 90 gold pieces
 24904 | Orc:2    | Bought a scroll of identify for 24 gold pieces
 24904 | Orc:2    | Bought a scroll of magic mapping for 42 gold pieces
 24904 | Orc:2    | Bought a scroll of teleportation for 36 gold pieces
 25186 | Orc:2    | Found Deonov's Antique Weapon Boutique.
 25220 | Orc:2    | Found Engaifad's Antique Armour Shoppe.
 25240 | Orc:2    | Found Vufov's Weapon Emporium.
 25262 | Orc:2    | Found Zoweab's General Store.
 25274 | Orc:2    | Bought a potion of heal wounds for 65 gold pieces
 25412 | Orc:4    | Entered Level 4 of the Orcish Mines
 25532 | Orc:4    | Found a deep blue altar of Sif Muna.
 25850 | D:15     | Bought a jewelled plate armour for 784 gold pieces
 25860 | D:15     | Identified the cursed +0 plate armour of the Gastropod {rPois} (You bought it in a shop on level 15 of the Dungeon)
 26031 | Orc:4    | Found a staircase to the Elven Halls.
 26065 | Orc:4    | Found Qoxe's Antique Armour Shop.
 26067 | Orc:4    | Found Apates's Assorted Antiques.
 26717 | Orc:4    | Found Jari's Food Emporium.
 26722 | Orc:4    | Found Fuasotat's Antique Weapon Shop.
 27306 | Orc:3    | Found Rublas's Antique Armour Shop.
 28013 | Snake:1  | Entered Level 1 of the Snake Pit
 28017 | Snake:1  | Noticed Kokonut's ghost (adept MiBe)
 28031 | Snake:1  | Killed Kokonut's ghost
 28048 | Snake:1  | Reached skill level 10 in Armour
 28097 | Snake:1  | Received a gift from Okawaru
 28402 | Snake:2  | Learned a level 7 spell: Ring of Flames
 28485 | Snake:2  | Noticed Aizul
 28505 | Snake:2  | Killed Aizul
 28505 | Snake:2  | Reached skill level 16 in Axes
 28519 | Snake:2  | Found an ancient bone altar of Kikubaaqudgha.
 29446 | Snake:2  | Received a gift from Okawaru
 30521 | Snake:2  | Noticed a greater naga
 30529 | Snake:2  | Killed a greater naga
 31235 | Snake:3  | Noticed Asterion
 32171 | Snake:3  | Gained mutation: You resist negative energy. [demonic ancestry]
 32171 | Snake:3  | Reached XP level 16. HP: 120/130 MP: 22/22
 32578 | Snake:3  | Noticed a greater naga
 32849 | Snake:3  | Gained mutation: You have supernaturally acute eyesight. [potion of mutation]
 32879 | Snake:3  | Killed a greater naga
 32879 | Snake:3  | Received a gift from Okawaru
 33655 | Snake:3  | Reached skill level 17 in Axes
 34173 | Snake:3  | Killed Asterion
 34230 | Snake:3  | Received a gift from Okawaru
 34441 | Snake:3  | Received a gift from Okawaru
 34685 | Snake:3  | Noticed Wiglaf
 34703 | Snake:3  | Killed Wiglaf
 34808 | Snake:3  | Noticed a greater naga
 34817 | Snake:3  | Killed a greater naga
 34862 | Snake:4  | Entered Level 4 of the Snake Pit
 35469 | Snake:4  | Received a gift from Okawaru
 36050 | Snake:4  | Received a gift from Okawaru
 36089 | Snake:4  | Got a serpentine rune of Zot
 36131 | Snake:4  | HP: 6/132 [poisoned by a naga ritualist (splash of poison)]
 36137 | Snake:4  | HP: 6/132 [poisoned by a naga ritualist (splash of poison)]
 37557 | Snake:4  | Reached XP level 17. HP: 136/139 MP: 23/23
 37920 | Snake:4  | Reached skill level 18 in Axes
 39421 | Snake:4  | Received a gift from Okawaru
 39814 | Swamp:1  | Entered Level 1 of the Swamp
 40580 | Orc:4    | Bought a translucent battleaxe for 368 gold pieces
 40580 | Orc:4    | Identified the +4 battleaxe "Ymetwiczo" {pain, MR+} (You bought it in a shop on level 4 of the Orcish Mines)
 42108 | Swamp:2  | Noticed Louise
 42129 | Swamp:2  | Cast into the Abyss (Louise)
 42158 | Abyss:2  | Found a corrupted altar of Lugonu.
 42445 | Swamp:2  | Escaped the Abyss
 42456 | Swamp:2  | Killed Louise
 43088 | Swamp:2  | Identified a +1 pair of boots of running (You acquired it on level 2 of the Swamp)
 43527 | Snake:3  | Learned a level 6 spell: Simulacrum
 43659 | Swamp:2  | Noticed Nikola
 43673 | Swamp:2  | Killed Nikola
 43743 | Swamp:2  | Reached skill level 1 in Necromancy
 43820 | Swamp:2  | Reached skill level 1 in Ice Magic
 44385 | Swamp:2  | Noticed Frances
 44393 | Swamp:2  | Killed Frances
 45099 | Swamp:3  | Received a gift from Okawaru
 45150 | Swamp:3  | Reached skill level 19 in Axes
 45186 | Swamp:3  | Reached skill level 15 in Fighting
 45186 | Swamp:3  | Gained mutation: You have hooves in place of feet. [demonic ancestry]
 45186 | Swamp:3  | Reached XP level 18. HP: 104/149 MP: 24/24
 45952 | Swamp:4  | Entered Level 4 of the Swamp
 45989 | Swamp:3  | Received a gift from Okawaru
 48200 | Swamp:4  | Received a gift from Okawaru
 48205 | Swamp:4  | Got a bloodstained chain mail {god gift}
 48802 | Swamp:3  | Identified the +1 chain mail of Inevitability {Regen+ Dex+3} (Okawaru gifted it to you on level 4 of the Swamp)
 49522 | Swamp:4  | Got a decaying rune of Zot
 49584 | Swamp:4  | Lost mutation: Your mind is acute. (Int +2) [mutagenic meat]
 49888 | Vaults:1 | Entered Level 1 of the Vaults
 49999 | Vaults:1 | Reached skill level 5 in Necromancy
 51078 | Vaults:1 | Reached skill level 5 in Ice Magic
 51687 | Vaults:1 | Reached skill level 10 in Dodging
 51778 | Vaults:1 | Received a gift from Okawaru
 51784 | Vaults:1 | HP: 1/149 [yaktaur/bolt (27)]
 51785 | Vaults:1 | Slain by a wizard

Action                   |  1- 3 |  4- 6 |  7- 9 | 10-12 | 13-15 | 16-18 || total
-------------------------+-------+-------+-------+-------+-------+-------++-------
Melee: War axe           |   145 |   131 |   360 |       |       |       ||   636
       Battleaxe         |       |       |    32 |   724 |  1245 |  1521 ||  3522
       Hand axe          |       |       |       |    12 |       |       ||    12
       Executioner's axe |       |       |       |       |       |    60 ||    60
 Fire: Blowgun           |       |       |     2 |       |       |       ||     2
       Arbalest          |       |       |       |       |       |    11 ||    11
Throw: Javelin           |       |     5 |       |       |       |       ||     5
       Throwing net      |       |     1 |       |       |       |       ||     1
Invok: Heroism           |       |       |     4 |    12 |    12 |    15 ||    43
       Finesse           |       |       |       |     2 |     6 |     7 ||    15
Evoke: Wand              |       |       |       |       |    18 |    11 ||    29
  Use: Potion            |       |     2 |       |     2 |     2 |     6 ||    12
       Scroll            |       |       |       |    21 |    11 |    17 ||    49
 Stab: Distracted        |       |       |     2 |     1 |     2 |     5 ||    10
  Eat: Chunk             |     6 |     3 |    18 |    20 |    41 |    33 ||   121
       Bread ration      |       |       |       |     1 |     2 |       ||     3
       Royal jelly       |       |       |       |     1 |     1 |     1 ||     3
       Beef jerky        |       |       |       |     1 |     3 |       ||     4
       Pizza             |       |       |       |     1 |     2 |     1 ||     4
       Fruit             |       |       |       |       |     4 |       ||     4
       Meat ration       |       |       |       |       |     3 |     6 ||     9
